 Dungeon Crawl Stone Soup version 0.24.0-41-g2ae2f7f1be (webtiles) character file.

Game seed: 11084435799741513529, levelgen mode: deterministic

70 Baz the Sneak (level 4, -1/28 HPs)
             Began as an Octopode Earth Elementalist on Dec 9, 2019.
             Slain by an orc
             ... wielding a +0 flail
              (7 damage)
             ... on level 3 of the Dungeon.
             The game lasted 00:03:09 (1815 turns).

Baz the Sneak (Octopode Earth Elementalist)         Turns: 1815, Time: 00:03:09

Health: -1/28      AC:  1    Str:  7    XL:     4   Next: 21%
Magic:  2/8        EV: 13    Int: 18    God:
Gold:   157        SH:  0    Dex: 12    Spells: 7/8 levels left

rFire    . . .     SeeInvis .   n - +0 short sword (freeze)
rCold    . . .     Gourm    .   (no shield)
rNeg     . . .     Faith    +   (helmet restricted)
rPois    .         Spirit   .   a - amulet of faith
rElec    .         Reflect  .   (no ring)
rCorr    .         Harm     .   (no ring)
MR       .....                  (no ring)
Stlth    +++.......             (no ring)
HPRegen  0.09/turn              (no ring)
MPRegen  0.11/turn              (no ring)
                                (no ring)
                                (no ring)

@: very slightly contaminated, invisible
A: almost no armour, stealthy swim, amphibious, 8 rings, constrict 8, camouflage
1, gelatinous body 1
a: no special abilities


You were on level 3 of the Dungeon.
You were hungry.

You visited 1 branch of the dungeon, and saw 3 of its levels.

You collected 157 gold pieces.

Inventory:

Hand Weapons
 n - a +0 short sword of freezing (weapon)
Missiles
 b - 93 stones (quivered)
Jewellery
 a - an amulet of faith (around mantle)
Scrolls
 d - a scroll of amnesia {unknown}
 g - a scroll of enchant armour {unknown}
 h - a scroll of noise {unknown}
 i - a scroll of teleportation {unknown}
 j - a scroll of immolation {unknown}
 m - a scroll of remove curse {unknown}
Potions
 e - a potion of invisibility
 f - a potion of lignification {unknown}
 k - a potion of haste {unknown}
Comestibles
 c - a ration


   Skills:
 + Level 1.1 Fighting
 - Level 2.0 Dodging
 + Level 3.9 Stealth
 + Level 2.7 Spellcasting
   Level 1.0 Transmutations
 + Level 3.6 Earth Magic


You had 7 spell levels left.
You knew the following spells:

 Your Spells              Type           Power        Failure   Level  Hunger
a - Sandblast             Erth           ###...       3%          1    #......

Your spell library contained the following spells:

 Spells                   Type           Power        Failure   Level  Hunger
 Passwall                 Tmut/Erth      ##......     10%         2    ##.....
 Stone Arrow              Conj/Erth      #.....       24%         3    ###....
 Petrify                  Tmut/Erth      ##......     54%         4    #####..
 Lee's Rapid Deconstruct  Erth           ###.......   71%         5    ######.


Dungeon Overview and Level Annotations

Branches:
Dungeon (3/15)

Altars:

Annotations:
D:1 exclusion: 4 jackals


Innate Abilities, Weirdness & Mutations

You cannot wear most types of armour.
You are very stealthy in the water. (Stealth+)
You are amphibious.
You can wear up to eight rings at the same time.
You can use your tentacles to constrict eight enemies at once.
Your skin changes colour to match your surroundings (Stealth+).
Your rubbery body absorbs attacks. (AC +1, EV +1)


Message History

It was a potion of invisibility.
You fade into invisibility!
You are very lightly contaminated with residual magic.
Something hits you.
You hit something. You freeze something. Something hits you.
You closely miss something. Something hits you.
You completely miss something. You squeeze something. Something hits you.
Unknown command.
You hit something. You freeze something. Your squeeze misses something.
You hear some strange, mumbled words.
A magic dart appears from out of thin air!
The magic dart hits you!
* * * LOW HITPOINT WARNING * * *
Unknown command.
You closely miss something. You barely miss the orc. You grab the orc.
The orc is almost dead.
You constrict the orc, but do no damage.
The orc hits you with a +0 flail!
You die...

#.# ### #.#....#
##.#....# .
..#.#..#
#.##.#.#.##.
..........
#.)...... #.#..####
##+##@#ooo..#
#...#o##..###
#.........#
+.....#)..#
#.....#...#
#.........###
#.....#.....# #
#.....#.#.#.#
#.######..#.....#.#


You could see an orc.

Vanquished Creatures
  An orc priest (D:2)
  A dart slug (D:2)
  2 leopard geckos (D:1)
  11 orcs
  A goblin (D:2)
  4 hobgoblins
  4 kobolds
  2 rats (D:2)
26 creatures vanquished.

Notes
Turn   | Place    | Note
-------+----------+-------------------------------------------
     0 | D:1      | Baz the Octopode Earth Elementalist began the quest for the
                  | Orb.
     0 | D:1      | Reached XP level 1. HP: 11/11 MP: 3/3
   462 | D:1      | Reached XP level 2. HP: 13/17 MP: 5/5
  1327 | D:3      | Reached XP level 3. HP: 22/22 MP: 1/6
  1416 | D:2      | Reached skill level 1 in Fighting
  1416 | D:2      | Reached XP level 4. HP: 22/28 MP: 0/8
  1815 | D:3      | Slain by an orc

Levels and vault maps discovered:
D:1:      psy_arrival_wood_between_worlds, layout_loops_ring,
          kennysheep_pointless_box, wander_ebering_terrifying_dragon_lair
D:2:      layout_loops_ring, lemuel_zombie_altar_yredelemnul
D:3:      minmay_skewed_foursquare, layout_basic, lemuel_round_altar,
          ashenzari_altar_1, first_ration

Skill      XL: |  1  2  3 |
---------------+----------+-----
Stealth        | 3 |  3.9
Fighting       | 1 |  1.1
Dodging        | |  2.0
Spellcasting   | |  2.7
Transmutations | |  1.0
Earth Magic    | |  3.6

Action                   |  1- 3 |  4- 6 || total
-------------------------+-------+-------++-------
Melee: Unarmed           |    15 |       ||    15
       Constrict         |     6 |     3 ||     9
       Tentacles         |     5 |     2 ||     7
       Short sword       |     2 |    17 ||    19
 Cast: Sandblast         |    20 |    11 ||    31
  Use: Potion            |       |     1 ||     1
 Stab: Sleeping          |     1 |       ||     1
  Eat: Chunk             |     2 |       ||     2
Armor: Skin              |     1 |     1 ||     2
Dodge: Dodged            |    15 |    12 ||    27
